 Dungeon Crawl Stone Soup version 0.26-a0-651-gb41185065b (webtiles) character file.

Game seed: 5190037592372413301

118 Irenicus the Digger (level 4, 0/54 HPs)
             Began as a Deep Dwarf Earth Elementalist on Oct 22, 2020.
             Slain by an orc
             ... wielding a +0 flail
              (6 damage)
             ... on level 3 of the Dungeon.
             The game lasted 00:07:42 (1206 turns).

Irenicus the Digger (Deep Dwarf Earth Elementalist) Turns: 1206, Time: 00:07:42

Health: 0/54       AC:  5    Str: 12    XL:     4   Next: 72%
Magic:  0/6        EV: 11    Int: 16    God:
Gold:   135        SH:  0    Dex: 13    Spells: 3/6 levels left

rFire    + . .     SeeInvis .   d - +0 dagger
rCold    + . .     Faith    .   (no shield)
rNeg     . . .     Spirit   .   n - +0 ring mail
rPois    +         Reflect  .   (no helmet)
rElec    +         Harm     .   (no cloak)
rCorr    +         Rampage  .   (no gloves)
MR       .....                  (no boots)
Stlth    ..........             (no amulet)
HPRegen  0.00/turn              (no ring)
MPRegen  0.10/turn              (no ring)

@: berserking, resistant, non-regenerating, hasted, very quick
A: damage resistance, heal wounds, sense surroundings 1, no regeneration
a: Heal Wounds


You were on level 3 of the Dungeon.
You visited 1 branch of the dungeon, and saw 3 of its levels.

You collected 135 gold pieces.

Inventory:

Hand Weapons
 d - a +0 dagger (weapon)
   (You took it off a kobold on level 1 of the Dungeon)
Missiles
 b - 24 stones (quivered)
Armour
 n - a +0 ring mail (worn)
   (You took it off an orc on level 2 of the Dungeon)
Jewellery
 c - an uncursed ring of resist corrosion {unknown}
   (You found it on level 3 of the Dungeon)
Scrolls
 a - a scroll of magic mapping {unknown}
 e - 2 scrolls of immolation {unknown}
 f - 3 scrolls of identify {unknown}
 h - a scroll of remove curse {unknown}
Potions
 i - a potion of mutation {unknown}
 k - 2 potions of haste
 l - a potion of stabbing {unknown}
 m - a potion of curing {unknown}


   Skills:
 - Level 2.1 Dodging
 - Level 2.4 Stealth
 - Level 1.7 Spellcasting
 - Level 0.8 Transmutations
 + Level 7.3 Earth Magic


You had 3 spell levels left.
You knew the following spells:

 Your Spells              Type           Power        Failure   Level
a - Sandblast             Erth           ###...       2%          1
w - Passwall              Tmut/Erth      ##......     14%         2

Your spell library contained the following spells:

 Spells                   Type           Power        Failure   Level
 Stone Arrow              Conj/Erth      ##....       32%         3
 Lee's Rapid Deconstruct  Erth           ###.......   54%         5
 Petrify                  Tmut/Erth      ##......     65%         4


Dungeon Overview and Level Annotations

Branches:
Dungeon (3/15)

Altars:
Gozag
Nemelex Xobeh
Qazlal
Xom


Innate Abilities, Weirdness & Mutations

You are resistant to damage.
You can heal yourself by infusing magical energy.
You passively map a small area around you.
You do not regenerate.


Message History

Drop what? 14/52 slots (_ for help) (? for menu, Esc to quit)
You drop a +0 robe.
Okay, then.
It was a potion of haste.
You feel yourself speed up.
There is a stone staircase leading down here.
You climb downwards.
The orc hits you with a cursed +0 war axe.
* * * LOW HITPOINT WARNING * * *
There is a stone staircase leading up, spattered with blood here.
You take 3 damage, and have 4/36 hp.
Casting: Sandblast (safe; 2% risk of failure)
Confirm with . or Enter, or press ? or * to list all spells.
Aiming: Sandblast (safe; 2% risk of failure)
Press: ? - help, Shift-Dir - straight line, f - orc
Aim: an orc, wielding a +0 war axe The blast of sand hits the orc!!
You kill the orc!
b - 28 stones You now have 2/6 mp.
You see here a cursed +0 war axe.
A rat comes into view.
You see here a large ruby ring.
c - a large ruby ring A giant cockroach comes into view.
You see here 14 gold pieces.
You now have 135 gold pieces (gained 14).
The rat barely misses you.
Casting: Sandblast (safe; 2% risk of failure)
Confirm with . or Enter, or press ? or * to list all spells.
Aiming: Sandblast (safe; 2% risk of failure)
Press: ? - help, Shift-Dir - straight line, f - rat
Aim: a rat The blast of sand hits the rat!
You kill the rat!
b - 27 stones You now have 2/6 mp.
A goblin comes into view. It is wielding a +0 dagger.
You see here a rat corpse.
Casting: Sandblast (safe; 2% risk of failure)
Confirm with . or Enter, or press ? or * to list all spells.
Aiming: Sandblast (safe; 2% risk of failure)
Press: ? - help, Shift-Dir - straight line, f - goblin
Aim: a goblin, wielding a +0 dagger (asleep)
The blast of sand hits the goblin!!
You kill the goblin!
b - 26 stones You now have 1/6 mp.
Casting: Sandblast (safe; 2% risk of failure)
Confirm with . or Enter, or press ? or * to list all spells.
Aiming: Sandblast (safe; 2% risk of failure)
Press: ? - help, Shift-Dir - straight line, f - giant cockroach
Aim: a giant cockroach The blast of sand hits the giant cockroach!
You kill the giant cockroach!
b - 25 stones You now have 0/6 mp.
You see here a giant cockroach corpse.
Found a stone staircase leading down.
Found a shimmering altar of Xom.
Found a shimmering altar of Xom.
An adder comes into view.
A hobgoblin comes into view.
The hobgoblin shouts!
An adder comes into view.
Found a shimmering altar of Xom.
An orc comes into view. It is wielding a +0 dagger.
You stumble into a teleport trap!
You are suddenly yanked towards some nearby monsters!
Your surroundings suddenly seem different.
An orc comes into view. It is wielding a +0 flail.
The orc shouts! x2
An orc comes into view. It is wielding a +0 flail.
The orc shouts!
You hear an angry hiss.
You hear a shout!
The orc barely misses you. x2
Found a shimmering altar of Xom.
Casting: Sandblast (safe; 2% risk of failure)
Confirm with . or Enter, or press ? or * to list all spells.
You don't know that spell.
Unknown command.
Casting: Sandblast (safe; 2% risk of failure)
Confirm with . or Enter, or press ? or * to list all spells.
Aiming: Sandblast (safe; 2% risk of failure)
Press: ? - help, Shift-Dir - straight line, f - orc
Aim: an orc, wielding a +0 dagger and wearing a +0 chain mail The blast of sand hits the orc!
You kill the orc!
b - 24 stones You now have 0/6 mp.
It was a potion of resistance.
You feel protected.
It was a potion of berserk rage.
A red film seems to cover your vision as you go berserk!
You feel yourself moving faster!
You feel mighty!
You now have 6/54 hp.
You feel a strong urge to attack something.
The orc barely misses you.
You puncture the orc!
You kill the orc!
You barely miss the orc. The orc hits you with a +0 flail!
You die...

..
#.####.....................#
, #(*
#.####................. .,*
#.# #.#.........._..._ #, *
*#.# #.##.............. ..#
#.#######.#....... .## #. *
...S...... , ###.,
##.._..._.. _ , ,
..[#...######..........
........@oSS.g....... ,
.......######........ , ,
...###. ,,..###._.. ., * #.
...# * ... , #. , .o... * ,
#** , , *#. ,......, , ,, ..
........ * * ,**#..........
** * , , *


You could see 2 adders, an orc and a hobgoblin.

Vanquished Creatures
  4 gnolls (D:2)
  An adder (D:2)
  An ooze (D:2)
  3 dart slugs
  3 leopard geckos
  5 orcs
  4 bats
  4 giant cockroaches
  5 goblins
  4 hobgoblins
  2 jackals (D:1)
  5 kobolds
  3 frilled lizards
  11 rats
55 creatures vanquished.

Notes
Turn   | Place    | Note
-------+----------+-------------------------------------------
     0 | D:1      | Irenicus the Deep Dwarf Earth Elementalist began the quest
                  | for the Orb.
     0 | D:1      | Reached XP level 1. HP: 15/15 MP: 3/3
   104 | D:1      | Reached XP level 2. HP: 20/22 MP: 0/4
   228 | D:1      | Reached skill level 5 in Earth Magic
   470 | D:1      | Learned a level 2 spell: Passwall
   576 | D:2      | Reached XP level 3. HP: 21/28 MP: 2/5
   698 | D:2      | Reached skill level 6 in Earth Magic
   861 | D:2      | Found a stormy altar of Qazlal.
   861 | D:2      | Found an opulent altar of Gozag.
   866 | D:2      | Found a faded altar of an unknown god.
   868 | D:2      | Found a sparkling altar of Nemelex Xobeh.
   869 | D:2      | Found a faded altar of an unknown god.
   965 | D:2      | Reached XP level 4. HP: 15/36 MP: 1/6
  1018 | D:2      | Reached skill level 7 in Earth Magic
  1148 | D:3      | HP: 7/36 [orc/+0 mace (8)]
  1169 | D:3      | HP: 4/36 [orc/cursed +0 war axe (3)]
  1189 | D:3      | Found a shimmering altar of Xom.
  1190 | D:3      | Found a shimmering altar of Xom.
  1193 | D:3      | Found a shimmering altar of Xom.
  1194 | D:3      | Found a shimmering altar of Xom.
  1194 | D:3      | Found a shimmering altar of Xom.
  1206 | D:3      | Slain by an orc

Illustrated notes

Levels and vault maps discovered:
D:1:      saegor_arrival_simple_c, layout_basic
D:2:      layout_loops_cross, chequers_temple_overflow_minitemple
D:3:      layout_rooms, lemuel_coloured_pillars_altar,
          overflow_temple_1_default, nicolae_xom_altar_mimics

Skill      XL: |  1  2  3  4 |
---------------+-------------+-----
Earth Magic    | 5 6 7 |  7.3
Dodging        | |  2.1
Stealth        | |  2.4
Spellcasting   | |  1.7
Transmutations | |  0.8

Action                   |  1- 3 |  4- 6 || total
-------------------------+-------+-------++-------
Melee: Dagger            |    35 |     5 ||    40
Throw: Javelin           |     2 |       ||     2
 Cast: Sandblast         |    52 |    18 ||    70
  Use: Potion            |       |     3 ||     3
 Stab: Sleeping          |     5 |     1 ||     6
Armor: Robe              |    13 |       ||    13
Dodge: Dodged            |    38 |     6 ||    44

Table legend: (Time is in decaauts)
 A = Elapsed time spent in this place.
 B = Non-inter-level travel time spent in this place.
 C = Inter-level travel time spent in this place.
 D = Time resting spent in this place.
 E = Time spent auto-exploring this place.
 F = Levels seen in this place.
 G = Mean time per level.
                   A        B        C        D        E       F      G
               +--------+--------+--------+--------+--------+-----+--------+
         Total |   1193 |   1163 |     30 |      0 |      0 |   3 |  397.7 |
       Dungeon |   1193 |   1163 |     30 |      0 |      0 |   3 |  397.7 |
               +--------+--------+--------+--------+--------+-----+--------+

Top non-repeatable levels by time:
     D:2: 589 daAuts
     D:1: 572 daAuts
     D:3: 31 daAuts

Table legend:
 A = Kills in this place as a percentage of kills in entire the game.
 B = Kills by you in this place as a percentage of kills by you in the entire game.
 C = Kills by friends in this place as a percentage of kills by friends in the entire game.
 D = Other kills in this place as a percentage of other kills in the entire game.
 E = Experience gained in this place as a percentage of experience gained in the entire game.
 F = Experience gained in this place divided by the number of levels of this place that you have seen.
                   A       B       C       D       E      F
               +-------+-------+-------+-------+-------+----------------------
         Total | 100.0 | 100.0 |   N/A |   N/A | 100.0 |  56.3
       Dungeon | 100.0 | 100.0 |   N/A |   N/A | 100.0 |  56.3
               +-------+-------+-------+-------+-------+----------------------
